 Dungeon Crawl Stone Soup version 0.20.1-1-g8b1a95d (webtiles) character file.

46 mythicdarkflame the Ruffian (level 3, -4/36 HPs)
             Began as a Troll Monk on July 15, 2017.
             Slain by a gnoll
             ... wielding a +0 flail
              (7 damage)
             ... on level 3 of the Dungeon on July 16, 2017.
             The game lasted 00:17:10 (1719 turns).

mythicdarkflame the Ruffian (Troll Monk)            Turns: 1719, Time: 00:17:11

Health: -4/36      AC:  5    Str: 19    XL:     3   Next: 44%
Magic:  2/2        EV: 10    Int:  6    God:
Gold:   88         SH:  0    Dex: 13    Spells: 2/2 levels left

rFire    + . .     SeeInvis .   r - +0 dagger (drain)
rCold    x . .     Gourm    +   (no shield)
rNeg     + . .     Faith    .   a - +0 robe
rPois    .         Spirit   .   e - +0 hat
rElec    .         Reflect  .   (no cloak)
rCorr    .         Harm     +   (gloves unavailable)
MR       .....                  (boots unavailable)
Stlth    ++........             j - amulet of harm
Regen    0.6/turn               s - ring of fire
MPRegen  0.1/turn               g - ring of positive energy

@: drained
A: unfitting armour, claws 3, fast metabolism 3, gourmand, regeneration 1,
shaggy fur 1, tough skin 2
a: no special abilities


You were on level 3 of the Dungeon.
You were not hungry.

You visited 1 branch of the dungeon, and saw 3 of its levels.

You collected 88 gold pieces.

Inventory:

Hand Weapons
 c - a +0 hunting sling
 l - a +2 long sword of protection
 r - a +0 dagger of draining (weapon)
Missiles
 k - 75 stones (quivered)
 o - 26 arrows
 p - 36 sling bullets
 v - 10 javelins
Armour
 a - a +0 robe (worn)
 e - a +0 hat (worn)
Jewellery
 g - a ring of positive energy (right claw)
 j - an amulet of harm (around neck)
 s - a ring of fire (left claw)
Scrolls
 d - a scroll of enchant armour {unknown}
 h - 2 scrolls of identify {unknown}
 w - a scroll of magic mapping {unknown}
Potions
 i - a potion of curing {unknown}
 m - a potion of invisibility {unknown}
 n - a potion of brilliance {unknown}
 t - a potion of agility {unknown}
 u - a potion of resistance {unknown}
Comestibles
 b - 3 meat rations
 f - a royal jelly


   Skills:
 - Level 2.6(2.1) Fighting
 + Level 1.0(0.5) Short Blades
 - Level 2.6(2.0) Dodging
 + Level 1.5(1.0) Stealth
 - Level 3.1(2.6) Unarmed Combat


You had 2 spell levels left.
You didn't know any spells.

Dungeon Overview and Level Annotations

Branches:
Dungeon (3/15)

Altars:


Innate Abilities, Weirdness & Mutations

You are too large for most types of armour.
You have claws for hands.
Your metabolism is lightning-fast.
You like to eat raw meat.
Your natural rate of healing is unusually fast.
You are covered in fur. (AC +1)
You have very tough skin. (AC +2)


Message History

You kill the giant cockroach!
You see here a giant cockroach corpse. 2 gnolls come into view.
The gnoll shouts!
A gnoll comes into view. It is wielding a whip.
The gnoll shouts!
The gnoll shouts!
The gnoll closely misses you.
You barely miss the gnoll. The gnoll hits you with a flail.
The gnoll hits you with a whip.
You hit the gnoll.
The gnoll is moderately wounded.
The gnoll hits you with a flail. The gnoll hits you with a flail!
The gnoll hits you with a whip!
* * * LOW HITPOINT WARNING * * *
The gnoll closely misses you.
You closely miss the gnoll. The gnoll hits you with a whip.
* * * LOW HITPOINT WARNING * * *
The gnoll hits you with a flail.
You die...

...###
###.......### .....
...........+
...########.##....#
..##...#....†.....#
).#..#...######.###
#...###..# #.#
..#..#...# #.#
.###.....#
#g######## ##
##.#.## #.@g......
.###....#
#.g######.
..#..#..# #..#####
#...###.# #......#
..#..#..# ##.###.#
.......## #.#
..#...## #..
####### ####


You could see 3 gnolls.

Vanquished Creatures
  An adder (D:2)
  A worm (D:2)
  A dart slug (D:2)
  A ball python (D:2)
  A giant cockroach (D:3)
  4 goblins
  4 hobgoblins
  2 jackals (D:1)
  5 kobolds
  4 bats
  A frilled lizard (D:2)
  4 rats
29 creatures vanquished.

Notes
Turn   | Place    | Note
-------+----------+-------------------------------------------
     0 | D:1      | mythicdarkflame the Troll Monk began the quest for the Orb.
     0 | D:1      | Reached XP level 1. HP: 22/22 MP: 0/0
   672 | D:1      | Reached XP level 2. HP: 29/29 MP: 1/1
  1048 | D:2      | Reached XP level 3. HP: 35/36 MP: 2/2
  1298 | D:2      | Reached skill level 1 in Short Blades
  1719 | D:3      | Slain by a gnoll

Skill      XL: |  1  2  3 |
---------------+----------+-----
Short Blades   | 1 |  1.0
Fighting       | |  2.6
Dodging        | |  2.6
Stealth        | |  1.5
Unarmed Combat | |  3.1

Action                   || total
-------------------------++-------
Melee: Dagger            ||   100
       Unarmed           ||     7
       Punch             ||     2
  Eat: Bread ration      ||     3
Armor: Robe              ||    61
Dodge: Dodged            ||    77
